[Event "Titled Tuesday Blitz May 2 Late 2023"]
[White "Caruana, Fabiano"]
[Black "Tatarinov, Dmitry"]
[WhiteFideId "2020009"]
[BlackFideId "24160067"]
[WhiteElo "2837"]
[BlackElo "2326"]
[Result "1-0"]
[Round "03"]
[TimeControl "180+2"]
[Date "2023.05.02"]
[WhiteClock "0:00:24"]
[BlackClock "0:00:07"]

1. d4 Nf6 2. Nf3 e6 3. c3 c5 4. Bg5 cxd4 5. cxd4 Qb6 6. Qc2 Nc6 7. Bxf6 gxf6 8. e3 d5 9. Nc3 Bd7 10. Be2 Rc8 11. O-O f5 12. Rfc1 Bd6 13. a3 O-O 14. b4 Ne7 15. Bd3 Kh8 16. g3 Ng8 17. Qd2 Nf6 18. Ne2 Ne4 19. Bxe4 fxe4 20. Ne5 Rxc1+ 21. Rxc1 Bb5 22. Nf4 Qd8 23. h4 Qf6 24. Kh2 Bxe5 25. dxe5 Qxe5 26. Rc5 a6 27. Qc2 Kg7 28. a4 Bc4 29. a5 Kh6 30. Qd1 Qf5 31. Rc7 Rg8 32. Nh3 f6 33. Rf7 e5 34. Rxb7 Bb5 35. Rb6 Rg6 36. Kg2 Qf3+ 37. Qxf3 exf3+ 38. Kxf3 f5 39. Ng5 d4 40. exd4 exd4 41. Kf4 d3 42. Ke3 Kh5 43. Rxg6 hxg6 44. f3 Kh6 45. Ne6 Kh5 46. Nf4+ Kh6 47. Nxd3 g5 48. hxg5+ Kxg5 49. Ne5 Bf1 50. f4+ Kh5 51. Kd4 Be2 52. Kc5 Bf1 53. Kd6 Be2 54. Ke6 Bg4 55. Nxg4 Kxg4 56. Ke5 Kh5 57. Kxf5 1-0


[Site "https://www.chess.com"]

[Event "Titled Tuesday Blitz May 2 Late 2023"]
[White "Fedoseev, Vladimir"]
[Black "Manukyan, Sargis A."]
[WhiteFideId "24130737"]
[BlackFideId "13303970"]
[WhiteElo "2752"]
[BlackElo "2187"]
[Result "1-0"]
[Round "03"]
[TimeControl "180+2"]
[Date "2023.05.02"]
[WhiteClock "0:00:16"]
[BlackClock "0:00:11"]

1. e4 c6 2. Nf3 c5 3. c3 d5 4. e5 Nc6 5. d4 cxd4 6. cxd4 Bg4 7. Nbd2 e6 8. Be2 Bb4 9. O-O Nge7 10. Nb3 O-O 11. h3 Bh5 12. Bd3 Bg6 13. Bxg6 Nxg6 14. Qd3 Be7 15. a3 Rc8 16. Bd2 a6 17. g3 b5 18. h4 Re8 19. Rac1 Nf8 20. Kg2 Qb6 21. Bg5 b4 22. Bxe7 Rxe7 23. Nc5 a5 24. Rc2 Rec7 25. Rfc1 Ne7 26. axb4 axb4 27. Nd2 h6 28. Ndb3 Nfg6 29. h5 Nf8 30. g4 Qa7 31. Ra1 Qb6 32. Ra6 Qb8 33. Ra5 Nd7 34. Na6 Qb6 35. Nxc7 Rxc7 36. Ra8+ Nf8 37. Rxc7 Qxc7 38. Nc5 Nc6 39. f4 Na5 40. Qb5 Nc6 41. Na6 Qd7 42. Nxb4 Nxe5 43. Qxd7 Nxd7 44. Nc6 g6 45. hxg6 fxg6 46. b4 Kf7 47. b5 h5 48. g5 e5 49. dxe5 Ke6 50. Nd4+ Ke7 51. Ra6 Nc5 52. Rc6 Nfd7 53. b6 Nd3 54. Kg3 Nb4 55. Rxg6 Nd3 56. b7 N3c5 57. Nc6+ Kf7 58. Rd6 Nxb7 59. Rxd7+ Kg6 60. Rxb7 1-0


[Site "https://www.chess.com"]

[Event "Titled Tuesday Blitz May 2 Late 2023"]
[White "Paravyan, David"]
[Black "Antonica, Dragos-Andrei"]
[WhiteFideId "4194985"]
[BlackFideId "1246372"]
[WhiteElo "2563"]
[BlackElo "2285"]
[Result "1-0"]
[Round "03"]
[TimeControl "180+2"]
[Date "2023.05.02"]
[WhiteClock "0:01:51"]
[BlackClock "0:00:19"]

1. e4 e6 2. d4 d5 3. Nd2 c5 4. Ngf3 cxd4 5. Nxd4 Nc6 6. Bb5 Bd7 7. Nxc6 bxc6 8. Bd3 Bd6 9. O-O Ne7 10. Re1 Ng6 11. Nf3 O-O 12. e5 Be7 13. Be3 c5 14. c4 d4 15. Bd2 Bc6 16. Qe2 Qb6 17. b3 Rae8 18. Ng5 Bxg5 19. Bxg5 Qb7 20. Qg4 f5 21. exf6 gxf6 22. Bh6 f5 23. Qg3 Rf6 24. h4 Qb8 25. Qxb8 Rxb8 26. Bg5 Kf7 27. h5 Nf8 28. Bxf6 Kxf6 29. f4 Nd7 30. Re2 e5 31. fxe5+ Nxe5 32. Bxf5 Rg8 33. Bxh7 Rg5 34. Rf1+ Nf3+ 35. Rxf3+ Bxf3 36. Rf2 Rxh5 37. Rxf3+ Ke5 38. Bd3 1-0


[Site "https://www.chess.com"]

[Event "Titled Tuesday Blitz May 2 Late 2023"]
[White "Bortnyk, Olexandr"]
[Black "Dobrowolski, Piotr"]
[WhiteFideId "14120828"]
[BlackFideId "1106236"]
[WhiteElo "2734"]
[BlackElo "2320"]
[Result "1-0"]
[Round "03"]
[TimeControl "180+2"]
[Date "2023.05.02"]
[WhiteClock "0:00:07"]
[BlackClock "0:00:06"]

1. d4 e6 2. Nc3 d5 3. Bf4 a6 4. e3 Nf6 5. a3 c5 6. Nf3 Nc6 7. h3 b5 8. dxc5 Bxc5 9. Bd3 b4 10. axb4 Nxb4 11. O-O O-O 12. Ne5 Bb7 13. Qf3 Bd6 14. Ne2 Qc7 15. Ng4 Nxg4 16. Bxd6 Qxd6 17. Qxg4 Nxd3 18. cxd3 e5 19. d4 f6 20. Rfc1 Rfc8 21. Ng3 Rc7 22. Nf5 Qd7 23. Rxc7 Qxc7 24. Ra3 Kh8 25. Rc3 Qd7 26. Nxg7 Qxg7 27. Qxg7+ Kxg7 28. Rc7+ Kg6 29. Rxb7 exd4 30. exd4 Rc8 31. Rd7 Rc1+ 32. Kh2 Rc2 33. Kg3 Rxb2 34. Rxd5 Rd2 35. Kf3 a5 36. Ke3 Ra2 37. h4 h5 38. g3 a4 39. Rd8 a3 40. Ra8 Ra1 41. Kf3 a2 42. d5 Rd1 43. Rxa2 Rxd5 44. Ra8 Rd3+ 45. Ke4 Rd2 46. Ke3 Rb2 47. Rg8+ Kf7 48. Rd8 Kg6 49. Rd3 Ra2 50. Rd2 Ra3+ 51. Ke4 Ra4+ 52. Kf3 Ra3+ 53. Kg2 Rb3 54. Re2 Ra3 55. Re3 Ra4 56. Kf3 Rb4 57. Re4 Rb3+ 58. Kf4 Rb2 59. f3 Rb3 60. Rc4 Ra3 61. g4 hxg4 62. fxg4 Rb3 63. h5+ Kh6 64. Kf5 Kg7 65. Rc7+ Kh6 66. Kxf6 Rf3+ 67. Ke5 Kg5 68. Rg7+ Kh6 69. Rg6+ Kh7 70. Rf6 Rg3 71. Kf4 Rg1 72. Kg5 Kg7 73. h6+ Kh7 74. Rf7+ Kg8 75. Rb7 Ra1 76. Rb6 Ra5+ 77. Kg6 Ra8 78. g5 Kh8 79. Rb5 Ra6+ 80. Kh5 Ra8 81. g6 Rc8 82. h7 Rd8 83. Kh6 Rd5 84. Rb8+ Rd8 85. Rxd8# 1-0


[Site "https://www.chess.com"]

[Event "Titled Tuesday Blitz May 2 Late 2023"]
[White "Vlassov, Nikolai"]
[Black "Suleymanli, Aydin"]
[WhiteFideId "4103360"]
[BlackFideId "13413937"]
[WhiteElo "2324"]
[BlackElo "2559"]
[Result "0-1"]
[Round "03"]
[TimeControl "180+2"]
[Date "2023.05.02"]
[WhiteClock "0:00:04"]
[BlackClock "0:00:08"]

1. e4 c5 2. c3 e6 3. d4 Nf6 4. e5 Nd5 5. c4 Nb6 6. dxc5 Bxc5 7. Qg4 g6 8. Nf3 Nc6 9. Nc3 d5 10. Bg5 Be7 11. Bxe7 Qxe7 12. O-O-O Bd7 13. h4 O-O-O 14. h5 dxc4 15. Nb5 Kb8 16. Nd6 c3 17. bxc3 f6 18. hxg6 hxg6 19. Rxh8 Rxh8 20. Qxg6 fxe5 21. Qg5 Nd5 22. Qxe7 Ncxe7 23. Nxe5 Ba4 24. Re1 Nxc3 25. Bc4 Rh2 26. Bxe6 Rxg2 27. Nd3 Nc6 28. Kb2 Nd1+ 29. Ka3 Bc2 30. Nb4 Nxb4 31. Kxb4 Nxf2 32. Bc4 Nd3+ 33. Bxd3 Bxd3 34. Re7 Ba6 35. a4 Rg4+ 36. Kb3 Rd4 37. Nb5 Bxb5 38. axb5 Kc8 39. Kc3 Rd6 40. Kc4 Kb8 41. Rf7 Rh6 42. Rg7 Kc8 43. Rf7 Kb8 44. Rg7 Rh4+ 45. Kb3 b6 46. Rf7 Rh5 47. Kb4 Rh4+ 48. Kb3 Rh1 49. Kc4 Rc1+ 50. Kb4 Ra1 51. Rg7 Ra5 52. Rh7 Ra1 53. Rg7 Rb1+ 54. Kc4 Rc1+ 55. Kb4 Rb1+ 56. Kc4 Rb2 57. Rg8+ Kc7 58. Rg7+ Kd6 59. Rxa7 Rc2+ 60. Kb4 Rg2 0-1


[Site "https://www.chess.com"]

[Event "Titled Tuesday Blitz May 2 Late 2023"]
[White "Prem, Pranav"]
[Black "Mekhitarian, Krikor Sevag"]
[WhiteFideId "30901057"]
[BlackFideId "2107660"]
[WhiteElo "1970"]
[BlackElo "2604"]
[Result "0-1"]
[Round "03"]
[TimeControl "180+2"]
[Date "2023.05.02"]
[WhiteClock "0:00:06"]
[BlackClock "0:00:05"]

1. d4 Nf6 2. c4 g6 3. Nc3 d5 4. cxd5 Nxd5 5. e4 Nxc3 6. bxc3 Bg7 7. Bc4 c5 8. Ne2 O-O 9. Be3 Nc6 10. O-O Bg4 11. f3 Bd7 12. Qd2 Qa5 13. Rfd1 cxd4 14. cxd4 Qxd2 15. Rxd2 Rfc8 16. Rb1 Na5 17. Bd5 Rd8 18. Bg5 Kf8 19. Bxb7 Rab8 20. Rdb2 Nc4 21. Rb4 Na3 22. R1b3 Nc2 23. Rc4 Na3 24. Rc7 Nb5 25. Rxb5 Bxb5 26. Bxe7+ Ke8 27. Bxd8 Bxe2 28. Be7 Bxd4+ 29. Kh1 Bb5 30. Bb4 Bd7 31. Bd6 Rd8 32. Bd5 Bb6 33. Rb7 Rc8 34. h4 h5 35. Kh2 Rd8 36. e5 Rc8 37. a4 Bf2 38. g3 Bd4 39. f4 Rc2+ 40. Kh1 Rc8 41. a5 a6 42. Kg2 Rc2+ 43. Kf3 Rc8 44. Ke4 Bf2 45. Bb3 Bxg3 46. Bd5 Bxh4 47. Ra7 Be7 48. Bb7 Rd8 49. Bc7 Bf5+ 50. Ke3 Rd3+ 51. Ke2 Bc5 52. Ra8+ Kd7 53. Bd6 Bxd6 54. Bc8+ Kc7 55. exd6+ Rxd6 56. Bxf5 gxf5 57. Ra7+ Kb8 58. Rxf7 Rd5 59. Rf8+ Kc7 60. Rh8 Kc6 61. Rxh5 Kb5 62. Rh6 Kxa5 63. Ke3 Rb5 64. Rh8 Rc5 65. Ra8 Kb5 66. Kd4 Rc1 67. Rb8+ Ka4 68. Ra8 a5 69. Ke5 Rc5+ 70. Ke6 Rb5 71. Ra7 Kb4 72. Ra8 a4 73. Rh8 a3 74. Rh1 Ka4 75. Kd6 a2 76. Ra1 Ka3 0-1


[Site "https://www.chess.com"]

[Event "Titled Tuesday Blitz May 2 Late 2023"]
[White "Janik, Igor"]
[Black "Kourkoulos-Arditis, Stamatis"]
[WhiteFideId "1159259"]
[BlackFideId "4221990"]
[WhiteElo "2484"]
[BlackElo "2400"]
[Result "0-1"]
[Round "03"]
[TimeControl "180+2"]
[Date "2023.05.02"]
[WhiteClock "0:00:08"]
[BlackClock "0:00:06"]

1. c4 Nf6 2. Nf3 e6 3. g3 b6 4. Bg2 Bb7 5. O-O c5 6. b3 Be7 7. Bb2 O-O 8. d4 cxd4 9. Qxd4 Nc6 10. Qd2 d6 11. Nc3 a6 12. Rfd1 Qb8 13. Rac1 Rd8 14. Qc2 h6 15. Rd2 b5 16. Rcd1 bxc4 17. bxc4 Qc7 18. Nd5 exd5 19. cxd5 Rac8 20. dxc6 Bxc6 21. Nd4 Bxg2 22. Qxc7 Rxc7 23. Kxg2 Ne4 24. Rc2 Rxc2 25. Nxc2 Rc8 26. Ne3 Rb8 27. Bd4 Rb5 28. f3 Ng5 29. Bc3 Ne6 30. Nd5 Bf8 31. e4 Rc5 32. Rd2 Rc4 33. Kf2 f6 34. Ke3 Kf7 35. Kd3 Ra4 36. Rb2 Nc5+ 37. Ke3 h5 38. Bd4 Ra3+ 39. Ke2 Ke6 40. Bxc5 dxc5 41. Ne3 Bd6 42. Nc4 Rc3 43. Nd2 Kd7 44. Rb3 Rc2 45. Kd3 Rxa2 46. f4 Kc6 47. Nc4 Bc7 48. Nd2 Ba5 49. Nc4 Bb4 50. Ke3 Rxh2 51. Rd3 a5 52. Rd8 Kb5 53. Nd6+ Ka4 54. e5 fxe5 55. fxe5 Rh1 56. Kf4 Rf1+ 57. Kg5 Re1 58. Kf5 Kb3 59. e6 c4 60. Ne4 c3 61. Rd3 Kc4 62. Rd7 c2 63. Rc7+ Kb3 64. e7 Bxe7 0-1


[Site "https://www.chess.com"]

[Event "Titled Tuesday Blitz May 2 Late 2023"]
[White "Aggelis, Nikolaos"]
[Black "Rodshtein, Maxim"]
[WhiteFideId "4213220"]
[BlackFideId "2806851"]
[WhiteElo "2189"]
[BlackElo "2555"]
[Result "1-0"]
[Round "03"]
[TimeControl "180+2"]
[Date "2023.05.02"]
[WhiteClock "0:00:55"]
[BlackClock "0:00:50"]

1. c4 g6 2. g3 Bg7 3. Nc3 c5 4. Nf3 Nc6 5. Bg2 d6 6. O-O e6 7. b3 Nge7 8. Bb2 O-O 9. e3 d5 10. d4 cxd4 11. Nxd4 Nxd4 12. exd4 dxc4 13. Ne4 cxb3 14. Qxb3 Nd5 15. Ba3 Bxd4 16. Rad1 Bg7 17. Bxf8 Qxf8 18. h4 h6 19. h5 g5 20. Rxd5 exd5 21. Qxd5 Rb8 22. a4 Be6 23. Qc5 b6 24. Qc7 a5 25. Rb1 Qd8 26. Qxd8+ Rxd8 27. Rxb6 Bf8 28. Rb5 Bc5 1-0


[Site "https://www.chess.com"]

[Event "Titled Tuesday Blitz May 2 Late 2023"]
[White "Ozates, Tuna"]
[Black "Maksimovic, Bojan"]
[WhiteFideId "6354521"]
[BlackFideId "14408120"]
[WhiteElo "2151"]
[BlackElo "2468"]
[Result "1/2-1/2"]
[Round "03"]
[TimeControl "180+2"]
[Date "2023.05.02"]
[WhiteClock "0:00:06"]
[BlackClock "0:00:04"]

1. c4 g6 2. Nc3 Bg7 3. g3 d6 4. Bg2 e5 5. d3 Nf6 6. e4 O-O 7. h3 Nc6 8. Be3 a5 9. Qd2 Nd7 10. Nge2 Nc5 11. O-O Ne6 12. f4 exf4 13. gxf4 Ned4 14. Nxd4 Nxd4 15. Ne2 Nxe2+ 16. Qxe2 f5 17. Rad1 fxe4 18. dxe4 Qe7 19. b3 Bd7 20. c5 dxc5 21. Qc4+ Be6 22. Qxc5 Qxc5 23. Bxc5 Rfd8 24. e5 c6 25. Bb6 Rxd1 26. Rxd1 a4 27. bxa4 Rxa4 28. Rd8+ Kf7 29. Rb8 Bf8 30. Rxb7+ Kg8 31. Bxc6 Rxa2 32. Rb8 Rb2 33. Bc7 Rxb8 34. Bxb8 Bh6 35. Kg2 Bxf4 36. h4 Kg7 37. Kf3 Bc1 38. Bd6 Kh6 39. Be7 Bd2 40. Kg3 Be1+ 41. Kf3 Kh5 42. Kg2 Kh6 43. Bf3 Kg7 44. Bf6+ Kf7 45. h5 Bd2 46. hxg6+ hxg6 47. Be4 g5 48. Kf3 Bc1 49. Kg3 Bf4+ 50. Kf3 Kf8 51. Bg6 Kg8 52. Ke4 Bc1 53. Bf5 Kf7 54. Bxe6+ Kxe6 55. Kf3 Bf4 56. Kg4 Bxe5 57. Bxe5 Kxe5 58. Kxg5 1/2-1/2


[Site "https://www.chess.com"]

[Event "Titled Tuesday Blitz May 2 Late 2023"]
[White "Kosakowski, Jakub"]
[Black "Maiti, Milind"]
[WhiteFideId "1185080"]
[BlackFideId "2090767"]
[WhiteElo "2488"]
[BlackElo "2150"]
[Result "1-0"]
[Round "03"]
[TimeControl "180+2"]
[Date "2023.05.02"]
[WhiteClock "0:02:45"]
[BlackClock "0:02:25"]

1. e4 e5 2. Nf3 Nf6 3. Nc3 Nc6 4. a4 Bb4 5. Bd3 O-O 6. O-O d6 7. Nd5 Nxd5 8. exd5 Ne7 9. c3 Nxd5 10. cxb4 Nxb4 11. Bb1 d5 12. Nxe5 1-0


[Site "https://www.chess.com"]

[Event "Titled Tuesday Blitz May 2 Late 2023"]
[White "Flynn, Jacob"]
[Black "Makridis, Dimitrios"]
[WhiteFideId "2509393"]
[BlackFideId "25864475"]
[WhiteElo "2053"]
[BlackElo "2277"]
[Result "0-1"]
[Round "03"]
[TimeControl "180+2"]
[Date "2023.05.02"]
[WhiteClock "0:02:12"]
[BlackClock "0:02:35"]

1. d4 Nf6 2. c4 c5 3. Nf3 cxd4 4. Nxd4 e6 5. Nc3 d5 6. cxd5 Nxd5 7. g3 Nxc3 8. bxc3 Qd5 9. Nf3 Qxd1+ 10. Kxd1 Bd7 11. Ne5 Ba4+ 12. Ke1 Nc6 13. Nxc6 Bxc6 14. f3 O-O-O 15. e4 f5 16. exf5 Bxf3 17. Rg1 Bc5 0-1


[Site "https://www.chess.com"]

[Event "Titled Tuesday Blitz May 2 Late 2023"]
[White "Djokic, Mihailo"]
[Black "Batsiashvili, Nino"]
[WhiteFideId "976440"]
[BlackFideId "13602993"]
[WhiteElo "2294"]
[BlackElo "2231"]
[Result "1-0"]
[Round "03"]
[TimeControl "180+2"]
[Date "2023.05.02"]
[WhiteClock "0:02:18"]
[BlackClock "0:01:00"]

1. e4 c6 2. d4 d5 3. e5 c5 4. dxc5 e6 5. Nf3 Bxc5 6. Bd3 Ne7 7. O-O Nbc6 8. Nbd2 Nd4 9. Nxd4 Bxd4 10. Nf3 Bb6 11. c4 Bd7 12. cxd5 Nxd5 13. Bg5 Qc7 14. Rc1 Bc6 15. Bb5 h6 16. Bh4 O-O 17. Bxc6 bxc6 18. Qa4 Rfc8 19. Rc2 c5 20. Rfc1 Qc6 21. Qc4 a6 22. Bg3 Qb5 23. b3 Qxc4 24. Rxc4 a5 25. Nd2 Nb4 26. a3 Nd3 27. R1c2 Rd8 28. Kf1 Rd5 29. R4c3 Nxe5 30. Bxe5 Rxe5 31. Nc4 Bc7 32. Nxe5 Bxe5 33. Rxc5 Bd4 34. Rc8+ Rxc8 35. Rxc8+ Kh7 36. Rc4 e5 37. Rxd4 exd4 38. b4 1-0


[Site "https://www.chess.com"]

[Event "Titled Tuesday Blitz May 2 Late 2023"]
[White "Wieczorek, Zbigniew"]
[Black "Maatman, Nick"]
[WhiteFideId "1102001"]
[BlackFideId "1040391"]
[WhiteElo "2150"]
[BlackElo "2346"]
[Result "1-0"]
[Round "03"]
[TimeControl "180+2"]
[Date "2023.05.02"]
[WhiteClock "0:01:34"]
[BlackClock "0:01:31"]

1. Nf3 Nf6 2. c4 c5 3. g3 g6 4. Bg2 Bg7 5. O-O O-O 6. Nc3 Nc6 7. d4 cxd4 8. Nxd4 Nxd4 9. Qxd4 d6 10. b3 Be6 11. Bb2 Qc8 12. Rac1 Bh3 13. Nd5 e5 14. Ne7+ 1-0


[Site "https://www.chess.com"]

[Event "Titled Tuesday Blitz May 2 Late 2023"]
[White "Erzhanov, Arman"]
[Black "Naroditsky, Daniel"]
[WhiteFideId "4138821"]
[BlackFideId "2026961"]
[WhiteElo "2138"]
[BlackElo "2633"]
[Result "0-1"]
[Round "03"]
[TimeControl "180+2"]
[Date "2023.05.02"]
[WhiteClock "0:01:09"]
[BlackClock "0:02:29"]

1. e4 c5 2. Nf3 d6 3. Bb5+ Nd7 4. c3 Nf6 5. Qe2 a6 6. Ba4 b5 7. Bc2 Bb7 8. O-O e5 9. d4 Be7 10. Nbd2 Qc7 11. dxe5 dxe5 12. a4 c4 13. axb5 axb5 14. Rxa8+ Bxa8 15. Re1 O-O 16. Nf1 Nc5 17. Bg5 Nfxe4 18. Bxe7 Qxe7 19. Ng3 f5 20. Nd2 Nxd2 21. Qxd2 e4 22. f3 Nd3 23. Bxd3 Qc5+ 24. Kh1 cxd3 25. Qg5 exf3 0-1


[Site "https://www.chess.com"]

[Event "Titled Tuesday Blitz May 2 Late 2023"]
[White "Kukelko, Alexey"]
[Black "Ter-Sahakyan, Samvel"]
[WhiteFideId "14153084"]
[BlackFideId "13302531"]
[WhiteElo "2264"]
[BlackElo "2566"]
[Result "0-1"]
[Round "03"]
[TimeControl "180+2"]
[Date "2023.05.02"]
[WhiteClock "0:00:29"]
[BlackClock "0:00:55"]

1. e4 c5 2. Nf3 e6 3. d4 cxd4 4. Nxd4 Nf6 5. Nc3 Nc6 6. Nxc6 bxc6 7. e5 Nd5 8. Ne4 Qc7 9. f4 Rb8 10. Bd3 c5 11. Qe2 Nb4 12. Bc4 Bb7 13. O-O Be7 14. Rf3 Bd5 15. c3 Bxc4 16. Qxc4 Nc6 17. Rf2 Na5 18. Qe2 O-O 19. Be3 Qc6 20. Qf3 Nc4 21. Bc1 Rbc8 22. Qd3 d5 23. exd6 Nxd6 24. Nxd6 Bxd6 25. Be3 Rfd8 26. Rd1 Be7 27. Qc2 Rxd1+ 28. Qxd1 h6 29. Rd2 Qe4 30. Bf2 Qxf4 31. Rd7 Rc7 32. Rxe7 Rxe7 33. Qd8+ Kh7 34. Qxe7 Qc1+ 0-1


[Site "https://www.chess.com"]

[Event "Titled Tuesday Blitz May 2 Late 2023"]
[White "Principe, Gerson"]
[Black "Goltsev, Dmitry"]
[WhiteFideId "3804550"]
[BlackFideId "24176710"]
[WhiteElo "2229"]
[BlackElo "2336"]
[Result "1-0"]
[Round "03"]
[TimeControl "180+2"]
[Date "2023.05.02"]
[WhiteClock "0:00:19"]
[BlackClock "0:00:19"]

1. d4 e6 2. Nf3 Nf6 3. c4 Bb4+ 4. Bd2 Be7 5. g3 b6 6. Bg2 Ba6 7. b3 d5 8. Ne5 O-O 9. O-O Bb7 10. Bc3 Ne4 11. Bb2 Nd7 12. Nxd7 Qxd7 13. Nd2 f5 14. Qc2 Bf6 15. Rac1 Rac8 16. Nxe4 fxe4 17. f3 c5 18. dxc5 bxc5 19. Bxf6 Rxf6 20. fxe4 Rxf1+ 21. Rxf1 d4 22. Qd3 Rf8 23. Rxf8+ Kxf8 24. Qf3+ Qf7 25. Qf4 Qxf4 26. gxf4 Ke7 27. Kf2 Bc8 28. e3 Kf6 29. exd4 cxd4 30. Bh3 g5 31. Kf3 gxf4 32. c5 Ke5 33. Bf1 Bd7 34. b4 Be8 35. b5 Bh5+ 36. Kf2 Be8 37. Bd3 Bd7 38. a4 Bc8 39. Kf3 Bb7 40. a5 Ba8 41. a6 h6 42. b6 axb6 43. cxb6 Kd6 44. b7 Bxb7 45. axb7 Kc7 46. Kxf4 Kxb7 47. Ke5 Kb6 48. Kxd4 Kc7 49. Ke5 Kd7 50. Bc4 Ke7 51. Bxe6 Kf8 52. Bg4 Kg7 53. Kf5 Kh8 54. Kg6 Kg8 55. Kxh6 Kh8 56. Kg5 Kg8 57. e5 Kf7 58. Bf5 Ke7 59. h4 Kf8 60. h5 Kg7 61. h6+ Kh8 62. Kg6 Kg8 63. e6 Kf8 64. Kf6 Ke8 65. h7 Kd8 66. h8=Q+ Kc7 67. Qg7+ Kd6 68. Qd7+ Kc5 69. Bg6 Kb6 70. Bf7 Ka5 71. Qb7 Ka4 72. Bg6 Ka3 73. e7 Ka2 74. e8=Q Ka1 75. Qa4# 1-0


[Site "https://www.chess.com"]

[Event "Titled Tuesday Blitz May 2 Late 2023"]
[White "Saya, Ethan"]
[Black "Vakhlamov, Igor L."]
[WhiteFideId "26095181"]
[BlackFideId "24126748"]
[WhiteElo "2189"]
[BlackElo "2400"]
[Result "1-0"]
[Round "03"]
[TimeControl "180+2"]
[Date "2023.05.02"]
[WhiteClock "0:00:20"]
[BlackClock "0:00:21"]

1. e4 c5 2. Nf3 e6 3. d4 cxd4 4. Nxd4 Nf6 5. Nc3 Nc6 6. Nxc6 bxc6 7. e5 Nd5 8. Ne4 Qc7 9. f4 Rb8 10. Bd3 Qb6 11. c4 Bb4+ 12. Ke2 f5 13. exf6 Nxf6 14. Nxf6+ gxf6 15. Be3 Bc5 16. Bxc5 Qxc5 17. Qc2 Qd4 18. b3 Qxf4 19. Raf1 Qg4+ 20. Ke1 Ke7 21. h3 Qg3+ 22. Qf2 Qxf2+ 23. Rxf2 c5 24. Rhf1 f5 25. g4 fxg4 26. hxg4 h6 27. Rf7+ Kd6 28. Be4 a5 29. Kd2 a4 30. Kc3 axb3 31. axb3 Rg8 32. Bf3 Rb6 33. Rh7 Rg6 34. Rh1 Bb7 35. Bxb7 Rxb7 36. Rh4 Rf6 37. Rh3 Rf4 38. Rg3 Rb8 39. Rxh6 Rg8 40. g5 Ke5 41. g6 Kf6 42. Rh5 Rf5 43. Rh7 Rg7 44. Rxg7 Kxg7 45. Rd3 d5 46. cxd5 exd5 47. Rg3 Rf4 48. Rg5 Rd4 49. Kc2 c4 50. b4 Rd3 51. b5 d4 52. Rc5 Rc3+ 53. Kd2 Kxg6 54. b6 Rd3+ 55. Kc2 Rc3+ 56. Kd2 Kf6 57. Rb5 Rd3+ 58. Kc2 Rc3+ 59. Kd2 Rd3+ 60. Kc1 Rc3+ 61. Kb2 Rh3 62. b7 Rh2+ 63. Ka1 Rh1+ 64. Rb1 Rh2 65. b8=Q Rh5 66. Rb6+ Kf5 67. Rb5+ Kg4 68. Rxh5 Kxh5 69. Qf4 Kg6 70. Qxd4 c3 71. Qc4 c2 72. Qxc2+ Kf6 73. Qb2+ Ke6 74. Ka2 Kd5 75. Ka3 Kc4 76. Qb4+ Kd5 77. Kb3 Kc6 78. Qa5 Kb7 79. Kc4 Kb8 80. Qa6 Kc7 81. Kd5 Kb8 82. Qb6+ Ka8 83. Qf6 Kb8 84. Qf7 Kc8 85. Kc6 Kb8 86. Qd7 Ka8 87. Qb7# 1-0


[Site "https://www.chess.com"]

[Event "Titled Tuesday Blitz May 2 Late 2023"]
[White "Timmermans, Mark"]
[Black "Manukian, Artak"]
[WhiteFideId "1026399"]
[BlackFideId "13301373"]
[WhiteElo "2460"]
[BlackElo "2130"]
[Result "1-0"]
[Round "03"]
[TimeControl "180+2"]
[Date "2023.05.02"]
[WhiteClock "0:00:36"]
[BlackClock "0:00:04"]

1. e4 c6 2. Nf3 d5 3. exd5 cxd5 4. Ne5 Nc6 5. Bb5 Bd7 6. Nxd7 Qxd7 7. d4 e6 8. O-O Bd6 9. Qg4 Kf8 10. c3 Nf6 11. Qh4 a6 12. Ba4 Qe7 13. Bg5 h6 14. Nd2 Kg8 15. Bxf6 Qxf6 16. Qxf6 gxf6 17. Bxc6 bxc6 18. b4 a5 19. a3 Kg7 20. Nb3 a4 21. Nd2 f5 22. f4 h5 23. Kf2 h4 24. Ke3 Kf6 25. Rg1 Rag8 26. Raf1 Rg4 27. c4 Rhg8 28. Rf2 Ke7 29. c5 Bc7 30. Nb1 f6 31. Nc3 e5 32. Ne2 exf4+ 33. Kf3 h3 34. g3 fxg3 35. hxg3 f4 36. Rh2 fxg3 37. Rxh3 g2 38. Rh7+ Kd8 39. Kf2 Re4 40. Rh3 Rge8 41. Nc3 Rxd4 42. Rxg2 Rd2+ 43. Kf1 Rxg2 44. Kxg2 d4 45. Nxa4 Kd7 46. Rh7+ Kc8 47. Nb6+ Bxb6 48. cxb6 Kb8 49. a4 Re3 50. Rd7 Rb3 51. Rxd4 Kb7 52. a5 Ka6 53. Rc4 f5 54. Kf2 f4 55. Rxf4 c5 56. Rf7 Rxb4 57. Ra7+ Kb5 58. b7 Kc6 59. a6 c4 60. Ra8 1-0


[Site "https://www.chess.com"]

[Event "Titled Tuesday Blitz May 2 Late 2023"]
[White "Bryakin, Mikhail"]
[Black "Yeritsyan, Hayk"]
[WhiteFideId "4165314"]
[BlackFideId "13307320"]
[WhiteElo "2447"]
[BlackElo "2241"]
[Result "1/2-1/2"]
[Round "03"]
[TimeControl "180+2"]
[Date "2023.05.02"]
[WhiteClock "0:00:17"]
[BlackClock "0:00:08"]

1. e4 c6 2. c4 d5 3. cxd5 cxd5 4. exd5 Qxd5 5. Nc3 Qd8 6. Nf3 Nc6 7. Bc4 e6 8. O-O Nf6 9. d4 Be7 10. Bg5 O-O 11. a3 Nd5 12. Bxe7 Ncxe7 13. Qd2 Nxc3 14. bxc3 Bd7 15. Ne5 Bc6 16. Bd3 Rc8 17. h4 Ng6 18. Nxg6 hxg6 19. Qf4 Re8 20. Rad1 b5 21. f3 Qf6 22. Qxf6 gxf6 23. Kf2 a6 24. Rfe1 Bd5 25. Rc1 Rc7 26. Ke3 Rec8 27. Kd2 Kg7 28. Rh1 Bc4 29. Be4 a5 30. g4 f5 31. gxf5 gxf5 32. Rhg1+ Kf6 33. Bd3 Rh8 34. Rh1 Bd5 35. Rh3 Bc4 36. h5 Rh6 37. f4 Rc8 38. Rg1 Bxd3 39. Kxd3 Rch8 40. Rb1 b4 41. axb4 axb4 42. Rxb4 Rxh5 43. Rxh5 Rxh5 44. c4 Rh3+ 45. Ke2 Rh2+ 46. Ke3 Rh3+ 47. Ke2 Rh2+ 48. Kf3 Rh3+ 49. Kf2 Rd3 50. c5 Ke7 51. Ke2 Rc3 52. Rb7+ Ke8 53. Kd2 Rf3 54. c6 Kd8 55. Rd7+ Kc8 56. Rxf7 Rxf4 57. Kd3 Rf1 58. Kc4 Rd1 59. Kb5 Rxd4 60. Kb6 Rb4+ 61. Kc5 Rb1 62. Rf8+ Kc7 63. Rf7+ Kc8 64. Ra7 Rc1+ 65. Kd6 Rd1+ 66. Kc5 f4 67. Rf7 e5 68. Rf5 Rc1+ 69. Kd6 Rd1+ 70. Kc5 Rc1+ 71. Kb6 Rb1+ 72. Kc5 Rc1+ 1/2-1/2


[Site "https://www.chess.com"]

[Event "Titled Tuesday Blitz May 2 Late 2023"]
[White "Tristan, Leonardo"]
[Black "Shapiro, Viktor"]
[WhiteFideId "113816"]
[BlackFideId "4175700"]
[WhiteElo "2461"]
[BlackElo "2152"]
[Result "1-0"]
[Round "03"]
[TimeControl "180+2"]
[Date "2023.05.02"]
[WhiteClock "0:00:26"]
[BlackClock "0:00:50"]

1. d4 Nf6 2. Nf3 c5 3. c3 e6 4. Bf4 d5 5. e3 Nc6 6. Nbd2 Bd6 7. Bg3 O-O 8. Bb5 a6 9. Bxc6 bxc6 10. Qa4 Bb7 11. Bxd6 Qxd6 12. Qa3 Nd7 13. Nb3 a5 14. Nxc5 Nxc5 15. Qxc5 Qxc5 16. dxc5 Ba6 17. Ne5 Rfc8 18. Nd7 Ra7 19. Nb6 Rd8 20. a4 Kf8 21. b4 Ke7 22. Kd2 e5 23. Rhb1 Bc4 24. b5 Rc7 25. Nxc4 dxc4+ 26. Ke1 Rd5 27. bxc6 Rxc5 28. Rb7 Rxc6 29. Rab1 f6 30. R1b5 Rxb7 31. Rxb7+ Ke6 32. Rxg7 Rb6 33. Rxh7 Rb3 34. Ra7 Rxc3 35. Rxa5 Ra3 36. g4 c3 37. Rc5 Kd6 38. Rc8 Kd5 39. Ke2 Ra2+ 40. Kf3 e4+ 41. Kg3 c2 42. a5 Kd6 43. a6 Kd7 44. Rc4 Kd6 45. a7 Rxa7 46. Rxc2 Ra1 47. Kf4 Rh1 48. Kxe4 Rxh2 49. Kf4 1-0


[Site "https://www.chess.com"]

[Event "Titled Tuesday Blitz May 2 Late 2023"]
[White "Petrovic, Aleksa"]
[Black "Bilych, Olexiy"]
[WhiteFideId "967629"]
[BlackFideId "14156504"]
[WhiteElo "2309"]
[BlackElo "2320"]
[Result "0-1"]
[Round "03"]
[TimeControl "180+2"]
[Date "2023.05.02"]
[WhiteClock "0:00:06"]
[BlackClock "0:00:22"]

1. d4 d5 2. c4 c6 3. Nf3 Nf6 4. Nc3 e6 5. e3 Nbd7 6. Qc2 Bd6 7. Bd3 dxc4 8. Bxc4 b5 9. Be2 Bb7 10. O-O O-O 11. e4 e5 12. dxe5 Nxe5 13. Nd4 Neg4 14. g3 Bc5 15. Nf5 Re8 16. h3 Nxf2 17. Rxf2 Bxf2+ 18. Kxf2 b4 19. Nd1 c5 20. Nde3 Nxe4+ 21. Kg1 Qf6 22. Bd2 Nxd2 23. Qxd2 Rad8 24. Qe1 Qxb2 25. Rd1 Rxd1 26. Qxd1 Qe5 27. Bf3 Bxf3 28. Qxf3 c4 29. Qc6 c3 30. Kf2 a5 31. Qc4 h5 32. g4 Qh2+ 33. Kf3 Qxh3+ 34. Kf4 hxg4 35. Nxg4 Qh1 36. Nd6 Qc1+ 37. Kf3 Qd1+ 0-1


[Site "https://www.chess.com"]